[Event "Cracovia Festival-A 2023"]
[Site "Krakow"]
[Date "2024.01.02"]
[Round "6.44"]
[White "Pniaczek, Marek"]
[Black "Leskiewicz, Ignacy"]
[Result "0-1"]
[ECO "B07"]
[WhiteElo "2135"]
[BlackElo "2177"]
[Annotator "RC"]
[PlyCount "78"]
[EventDate "2023.12.24"]
[EventType "swiss"]
[EventCountry "POL"]
[SourceTitle "playchess.com"]
[Source "ChessBase"]
[SourceQuality "1"]
[TimeControl "40/5400+30:1800+30"]

1. e4 d6 2. d4 Nf6 3. Nc3 e5 4. dxe5 dxe5 5. Qxd8+ Kxd8 6. Bc4 Ke8 7. Nf3 Bd6 8. h3 c6 9. Be3 Nbd7 10. O-O-O Bc7 11. Rhe1 b5 12. Bd3 Ke7 13. g4 a6 14. Ne2 g6 15. Ng3 Ne8 16. Nd2 Bb6 17. Bxb6 Nxb6 18. Ngf1 Nc7 19. Ne3 Ne6 20. Bf1 Nf4 21. Nb3 a5 22. Nc5 h5 23. f3 hxg4 24. hxg4 Rh2 25. Nd3 Nxd3+ 26. Rxd3 Be6 27. Rc3 Rc8 28. Rd1 Rf2 29. Bg2 Nd7 30. Ra3 a4 31. Rg1 Nb6 32. Rd3 Bc4 33. Rc3 Bxa2 34. b3 b4 35. Rd3 c5 36. Rgd1 axb3 37. cxb3 c4 38. bxc4 Nxc4 39. Nd5+ Kf8 0-1

[Event "Cracovia Festival-A 2023"]
[Site "Krakow"]
[Date "2024.01.02"]
[Round "6.45"]
[White "Hnatyshyn, Anastasiia"]
[Black "Biesiadecki, Adam"]
[Result "1-0"]
[ECO "C54"]
[WhiteElo "2152"]
[BlackElo "2102"]
[Annotator "RC"]
[PlyCount "111"]
[EventDate "2023.12.24"]
[EventType "swiss"]
[EventCountry "POL"]
[SourceTitle "playchess.com"]
[Source "ChessBase"]
[SourceQuality "1"]
[TimeControl "40/5400+30:1800+30"]

1. e4 e5 2. Nf3 Nc6 3. Bc4 Bc5 4. c3 Nf6 5. d4 exd4 6. e5 d5 7. Bb5 Ne4 8. cxd4 Bb4+ 9. Bd2 Nxd2 10. Nbxd2 O-O 11. h3 Ne7 12. a3 Ba5 13. O-O Bb6 14. Bd3 Bf5 15. Nb3 f6 16. Rc1 Bxd3 17. Qxd3 Ng6 18. g3 fxe5 19. Nxe5 Nxe5 20. dxe5 c6 21. Kg2 Qe7 22. f4 g5 23. Rce1 gxf4 24. gxf4 Kh8 25. Kh1 Qh4 26. Qf3 Rg8 27. Kh2 Rg7 28. Nc1 Rag8 29. Ne2 d4 30. Rd1 c5 31. b3 a5 32. a4 Bc7 33. Rd3 Rf8 34. Qe4 Qe7 35. Rg3 b6 36. Rfg1 Rxg3 37. Rxg3 Bd8 38. Kg2 Rg8 39. Rxg8+ Kxg8 40. Qd5+ Kf8 41. Ng3 Qe8 42. Qd6+ Qe7 43. Qxe7+ Kxe7 44. Kf3 Kd7 45. Ke4 Kc6 46. f5 b5 47. axb5+ Kxb5 48. f6 c4 49. bxc4+ Kxc4 50. Nf5 d3 51. f7 Be7 52. Nxe7 d2 53. f8=Q d1=Q 54. Qf7+ Kb4 55. Nd5+ Ka3 56. Qf3+ 1-0

[Event "Cracovia Festival-A 2023"]
[Site "Krakow"]
[Date "2024.01.02"]
[Round "6.46"]
[White "Jedraszek, Pawel"]
[Black "Kovalevsky, Stanislav"]
[Result "1-0"]
[ECO "B15"]
[WhiteElo "2124"]
[BlackElo "2163"]
[Annotator "RC"]
[PlyCount "97"]
[EventDate "2023.12.24"]
[EventType "swiss"]
[EventCountry "POL"]
[SourceTitle "playchess.com"]
[Source "ChessBase"]
[SourceQuality "1"]
[TimeControl "40/5400+30:1800+30"]

1. e4 c6 2. d4 d5 3. Nc3 dxe4 4. Nxe4 Nf6 5. Nxf6+ exf6 6. c3 Bd6 7. Bd3 O-O 8. Qc2 Re8+ 9. Ne2 h5 10. Be3 Nd7 11. O-O-O Nf8 12. c4 Be6 13. Kb1 Rc8 14. a3 b5 15. c5 Bc7 16. Nc3 Ng6 17. d5 cxd5 18. Bxg6 fxg6 19. Qxg6 Be5 20. Qd3 d4 21. Bxd4 Qxd4 22. Qxd4 Bxd4 23. Rxd4 Rxc5 24. Kc1 a5 25. Re1 Kf7 26. Kd2 Rb8 27. Ne4 Rc6 28. f3 Bb3 29. Ke3 Rc2 30. Re2 Rxe2+ 31. Kxe2 Kg6 32. Ke3 Rc8 33. Rd3 Bg8 34. Rc3 Rxc3+ 35. bxc3 Bc4 36. Nd2 Bf7 37. Kf4 Bd5 38. g3 Kf7 39. Ke3 Ke6 40. Kd4 Bc6 41. Kc5 Be8 42. Nb3 b4 43. cxb4 axb4 44. axb4 Ke5 45. Na5 Ba4 46. Nc6+ Kf5 47. Kd6 h4 48. Nd4+ Kg5 49. b5 1-0

[Event "Cracovia Festival-A 2023"]
[Site "Krakow"]
[Date "2024.01.02"]
[Round "6.47"]
[White "Bilczewski, Kacper"]
[Black "Gbiorczyk, Mikolaj"]
[Result "1-0"]
[ECO "C50"]
[WhiteElo "2125"]
[BlackElo "2137"]
[Annotator "RC"]
[PlyCount "151"]
[EventDate "2023.12.24"]
[EventType "swiss"]
[EventCountry "POL"]
[SourceTitle "playchess.com"]
[Source "ChessBase"]
[SourceQuality "1"]
[TimeControl "40/5400+30:1800+30"]

1. e4 e5 2. Nf3 Nc6 3. Bc4 Nf6 4. d3 Bc5 5. c3 d6 6. O-O O-O 7. Nbd2 a6 8. Bb3 Ba7 9. Nc4 Ne7 10. Ne3 Ng6 11. Qc2 Be6 12. g3 Qd7 13. Bd2 h6 14. Rad1 c6 15. Bc1 d5 16. exd5 cxd5 17. d4 e4 18. Ne5 Qd6 19. f4 exf3 20. Nxg6 fxg6 21. Rxf3 Ne4 22. Rdf1 Rxf3 23. Rxf3 Re8 24. Rf1 Kh7 25. Qg2 Ng5 26. Rd1 Rf8 27. Kh1 Ne4 28. Rf1 Rxf1+ 29. Qxf1 Bb8 30. Ng2 g5 31. Bc2 Kg8 32. Kg1 b5 33. a3 Qc6 34. Bd3 Bd7 35. Ne3 a5 36. Qf3 Nf6 37. Nf5 Bxf5 38. Qxf5 b4 39. axb4 axb4 40. Bd2 Ba7 41. Qe5 Qe8 42. Qxe8+ Nxe8 43. Bg6 Nd6 44. Kf2 Nc4 45. Bc1 Kf8 46. Ke2 Ke7 47. Kd3 b3 48. Bh5 Bb8 49. Bd1 Na5 50. Ke3 Bd6 51. Kf3 g6 52. Be2 Kf6 53. h3 h5 54. g4 h4 55. Bb5 Bg3 56. Bd2 Bd6 57. c4 Nxc4 58. Bxc4 dxc4 59. Ke4 Bf4 60. Bb4 Bc1 61. Bc3 Ke6 62. d5+ Kd6 63. Kd4 Bf4 64. Kxc4 Be3 65. Bg7 Bc1 66. Bf8+ Ke5 67. d6 Ke6 68. Kxb3 Kd7 69. Be7 Kc6 70. Kc3 Be3 71. b3 Bc5 72. Kc4 Be3 73. b4 Bf2 74. b5+ Kd7 75. Kd5 Be3 76. Ke5 1-0

[Event "Cracovia Festival-A 2023"]
[Site "Krakow"]
[Date "2024.01.02"]
[Round "6.49"]
[White "Krzyzanowski, Patryk"]
[Black "Manko, Mariia"]
[Result "0-1"]
[ECO "A57"]
[WhiteElo "2102"]
[BlackElo "2128"]
[Annotator "RC"]
[PlyCount "74"]
[EventDate "2023.12.24"]
[EventType "swiss"]
[EventCountry "POL"]
[SourceTitle "playchess.com"]
[Source "ChessBase"]
[SourceQuality "1"]
[TimeControl "40/5400+30:1800+30"]

1. d4 Nf6 2. c4 c5 3. d5 b5 4. cxb5 a6 5. b6 e6 6. Nc3 Nxd5 7. Nxd5 exd5 8. Qxd5 Nc6 9. e4 Be7 10. Bc4 O-O 11. Nf3 Rb8 12. Bd2 Rxb6 13. Bc3 d6 14. Qh5 Be6 15. Bxe6 fxe6 16. Qg4 e5 17. Qe6+ Kh8 18. Rd1 Qe8 19. Rxd6 Nd4 20. Rxb6 Nxe6 21. Rxe6 Qd7 22. Rxe5 Bf6 23. O-O Bxe5 24. Nxe5 Qa4 25. Re1 Qxa2 26. Nd7 Re8 27. Nxc5 Qc4 28. Rc1 Kg8 29. Bd2 Qd4 30. Be3 Qxb2 31. f4 a5 32. e5 Qe2 33. Bf2 Rd8 34. g3 Rd2 35. Rf1 Qc4 36. Be3 Re2 37. Rc1 Qd5 0-1

[Event "Cracovia Festival-A 2023"]
[Site "Krakow"]
[Date "2024.01.02"]
[Round "7.1"]
[White "Bogdanov, Egor"]
[Black "Gumularz, Szymon"]
[Result "1/2-1/2"]
[ECO "B22"]
[WhiteElo "2394"]
[BlackElo "2576"]
[Annotator "TA"]
[PlyCount "30"]
[EventDate "2023.12.24"]
[EventType "swiss"]
[EventCountry "POL"]
[SourceTitle "playchess.com"]
[Source "ChessBase"]
[SourceQuality "1"]
[TimeControl "40/5400+30:1800+30"]

1. e4 c5 2. c3 Nf6 3. e5 Nd5 4. d4 cxd4 5. Nf3 Nc6 6. Bc4 Nb6 7. Bb3 d5 8. exd6 Qxd6 9. Na3 a6 10. O-O Bf5 11. Nxd4 Nxd4 12. cxd4 {[%emt 0:02:31] Black must now prevent Qf3.} e6 {[%emt 0:00:07] [#] B22: Sicilian: 2 c3.} 13. Nc4 $146 ({Predecessor:} 13. Qf3 Qc6 14. Qxc6+ bxc6 15. Bd2 Bd6 16. Rac1 Kd7 17. Rfe1 a5 18. Nc4 Nxc4 19. Rxc4 Rhb8 20. Ba4 {1-0 Mamedov,R (2636)-Yilmaz,M (2639) Julius Baer Play In rapid 2023 (2.15)}) 13... Nxc4 14. Bxc4 Rc8 15. Bb3 Be7 {[%emt 0:04:39] Not much happened in this game.   Weighted Error Value: White=0.11 (very precise) /Black=0.08 (flawless)} 1/2-1/2

[Event "Cracovia Festival-A 2023"]
[Site "Krakow"]
[Date "2024.01.02"]
[Round "7.2"]
[White "Puranik, Abhimanyu"]
[Black "Podolskyi, Mykhailo"]
[Result "1/2-1/2"]
[ECO "B43"]
[WhiteElo "2627"]
[BlackElo "2177"]
[Annotator "TA"]
[PlyCount "45"]
[EventDate "2023.12.24"]
[EventType "swiss"]
[EventCountry "POL"]
[SourceTitle "playchess.com"]
[Source "ChessBase"]
[SourceQuality "1"]
[TimeControl "40/5400+30:1800+30"]

1. e4 c5 2. Nf3 e6 3. Nc3 a6 4. d4 cxd4 5. Nxd4 b5 6. Bd3 Bb7 7. O-O Nc6 8. Nxc6 Bxc6 9. Re1 {[%emt 0:00:39] B43: Sicilian: Kan Variation: 5 Nc3.} Qb8 10. a4 (10. Nd5 {is more complex.} Bd6 11. Qh5 Kf8 12. e5) 10... b4 {[%emt 0:07:46] [#] 10...bxa4 might become the main line.} 11. Nd5 {[%emt 0:00:07] White has an edge.} Bd6 {[%emt 0:00:31] [#] Repels Bf4} 12. h3 $1 Nf6 (12... Ne7 13. Qg4) 13. Nxf6+ gxf6 {[%emt 0:01:12] [#]} 14. Bc4 $146 ({Predecessor:} 14. b3 Be5 15. Rb1 Rg8 16. Qh5 f5 17. Bg5 Bd4 18. Qh4 h6 19. Bf4 Be5 20. Bxh6 {½-½ Zakharov,O (2253)-Van Schyndel,A (2256) W-ch WS/M/337 email 2011}) 14... Rg8 15. Qd3 Ke7 {[%emt 0:03:14] [#]} (15... Be5 {simplifies} 16. f3 Qd6 17. Qxd6 Bxd6 18. Kf1 a5) 16. Bd5 $1 Qc7 (16... exd5 $2 17. exd5+ Be5 18. dxc6 $18) 17. Bxc6 (17. Bd2 $5 ) 17... Qxc6 18. Be3 {[%emt 0:05:08] [#]} f5 $1 19. Bd2 Rac8 20. Rad1 fxe4 21. Qxe4 Qxe4 ({Don't do} 21... Qxa4 22. Qh4+ (22. Qxh7 Qc6 $11) 22... Ke8 23. Qxh7 $14) 22. Rxe4 Rxc2 {[%emt 0:01:01] Strongly threatening ...a5.} 23. Bxb4 {[%emt 0:00:55] Weighted Error Value: White=0.12 (very precise) /Black=0.05 (flawless)} 1/2-1/2

[Event "Cracovia Festival-A 2023"]
[Site "Krakow"]
[Date "2024.01.02"]
[Round "7.3"]
[White "Keinanen, Toivo"]
[Black "Pajeken, Jakob Leon"]
[Result "1-0"]
[ECO "A06"]
[WhiteElo "2522"]
[BlackElo "2428"]
[Annotator "TA"]
[PlyCount "59"]
[EventDate "2023.12.24"]
[EventType "swiss"]
[EventCountry "POL"]
[SourceTitle "playchess.com"]
[Source "ChessBase"]
[SourceQuality "1"]
[TimeControl "40/5400+30:1800+30"]

1. Nf3 d5 2. g3 g6 3. c4 dxc4 4. Na3 Bg7 5. Nxc4 Nc6 6. Bg2 e5 7. O-O Nge7 8. d3 O-O {[%emt 0:02:49] A20: English Opening: 1...e5.} 9. Rb1 a5 10. b3 {[%emt 0:02:48] [#]} Bf5 $146 {[%emt 0:03:51] The position is equal.} ({Predecessor:} 10... Re8 11. Bb2 Nf5 12. e3 Nd6 13. Qe2 Bf5 14. Rfd1 Qd7 15. Ng5 Bg4 16. Bxc6 bxc6 17. f3 Bf5 18. Rbc1 a4 19. g4 Qe7 20. Ne4 {½-½ Gumularz,S (2517)-Eljanov,P (2672) FIDE World Cup Europe Hybrid Qual 2021 (2.1)}) 11. Bb2 e4 12. Ne1 exd3 13. e4 {[%emt 0:02:19] Threatens to win with Bxg7.} Be6 14. Bxg7 Kxg7 15. Nxd3 Nb4 16. Nf4 b5 {[%emt 0:16:16] And now ...Qxd1 would win.} 17. Ne5 {[%emt 0:10:16] Black must now prevent Nxe6+. White is more active.} Qxd1 ({Black should play} 17... Qd6 $1 $14 18. Nf3 Bg4) 18. Rfxd1 {[%emt 0:03:06] Nxe6+ would be deadly.} Rfd8 19. Nxe6+ fxe6 20. a4 bxa4 21. bxa4 Rab8 (21... g5 $16 22. Rbc1 Rxd1+ 23. Rxd1 Kf6) 22. Nd7 $18 Rbc8 23. Nc5 ({Resist} 23. Bh3 c5) 23... Kf6 {[%emt 0:01:40] [#]} 24. Bh3 $1 Rd6 $2 {[%emt 0:01:10] [#]} (24... Nbc6 {is a better defense.} 25. Nxe6 (25. Bxe6 Rxd1+ 26. Rxd1 Rd8 $18) 25... Rxd1+ 26. Rxd1 h6) 25. e5+ $1 {[%emt 0:04:52][%mdl 576] Decoy. White is clearly winning.} Kxe5 26. f4+ Kf6 27. Ne4+ Kg7 28. Nxd6 cxd6 29. Rxd6 Nf5 30. Rxe6 {[%emt 0:02:53] Weighted Error Value: White=0.05 (flawless) /Black=0.42} 1-0

[Event "Cracovia Festival-A 2023"]
[Site "Krakow"]
[Date "2024.01.02"]
[Round "7.4"]
[White "Sernecki, Franciszek"]
[Black "Akbas, Umut Ata"]
[Result "0-1"]
[ECO "E11"]
[WhiteElo "2325"]
[BlackElo "2446"]
[Annotator "RC"]
[PlyCount "96"]
[EventDate "2023.12.24"]
[EventType "swiss"]
[EventCountry "POL"]
[SourceTitle "playchess.com"]
[Source "ChessBase"]
[SourceQuality "1"]
[TimeControl "40/5400+30:1800+30"]

1. d4 Nf6 2. c4 e6 3. Nf3 Bb4+ 4. Bd2 a5 5. g3 Be7 6. Bg2 O-O 7. O-O d5 8. Qc2 c6 9. Bf4 Nbd7 10. Rd1 a4 11. Ne5 Nh5 12. Bc1 f5 13. Nd2 Nhf6 14. Ndf3 Qe8 15. b3 axb3 16. Qxb3 Qh5 17. a4 Bd8 18. Bg5 Nxe5 19. dxe5 h6 20. Bc1 Nd7 21. Ba3 Re8 22. Bd6 Bb6 23. Nd4 Ra6 24. Nxe6 dxc4 25. Nf4 cxb3 26. Nxh5 Nxe5 27. Rab1 Ng4 28. e3 Be6 29. Nf4 Bf7 30. Nd3 Rd8 31. Nc1 Bc5 32. Nxb3 Bxb3 33. Rxb3 Rxd6 34. Rxd6 Bxd6 35. Rxb7 Ne5 36. h3 Rxa4 37. f4 Ra1+ 38. Kh2 Nc4 39. Rd7 Nxe3 40. Bxc6 Ra2+ 41. Kh1 Bc5 42. Rc7 Bb6 43. Rb7 Rb2 44. Kg1 Ng4+ 45. Kf1 Nh2+ 46. Ke1 Bf2+ 47. Kd1 Rxb7 48. Bxb7 Bxg3 0-1

[Event "Cracovia Festival-A 2023"]
[Site "Krakow"]
[Date "2024.01.02"]
[Round "7.5"]
[White "Pacan-Milej, Kosma"]
[Black "Dzida, Kamil"]
[Result "1-0"]
[ECO "E53"]
[WhiteElo "2425"]
[BlackElo "2396"]
[Annotator "RC"]
[PlyCount "107"]
[EventDate "2023.12.24"]
[EventType "swiss"]
[EventCountry "POL"]
[SourceTitle "playchess.com"]
[Source "ChessBase"]
[SourceQuality "1"]
[TimeControl "40/5400+30:1800+30"]

1. d4 Nf6 2. c4 e6 3. Nc3 Bb4 4. e3 O-O 5. Bd3 d5 6. Nf3 c5 7. cxd5 exd5 8. dxc5 Bxc5 9. h3 Nc6 10. O-O a6 11. b3 Qe7 12. Bb2 Rd8 13. Rc1 Ne4 14. Ne2 Bd6 15. Bb1 Ng5 16. Nxg5 Qxg5 17. Qd3 Qh6 18. Ng3 Ne7 19. Qe2 Qg5 20. Qf3 Ng6 21. Rfd1 Be6 22. Nf5 Bb8 23. Qg4 Qxg4 24. hxg4 Ne5 25. f3 Bxf5 26. Bxf5 Nc6 27. Rc5 d4 28. exd4 Ba7 29. Rc4 Na5 30. Rc7 Bb6 31. Rd7 Rxd7 32. Bxd7 Rd8 33. Bf5 Nc6 34. Be4 Bxd4+ 35. Bxd4 Nxd4 36. Kf2 b6 37. Rd2 Kf8 38. Ke3 Ne6 39. Rxd8+ Nxd8 40. Kd4 Ke7 41. Kd5 g6 42. b4 Kd7 43. Bd3 Nc6 44. a3 b5 45. g5 Kc7 46. f4 Kd7 47. Kc5 Kc7 48. Be4 Nb8 49. Bd5 Nd7+ 50. Kd4 f6 51. Be6 fxg5 52. fxg5 Kd6 53. Bxd7 Kxd7 54. Ke4 1-0

[Event "Cracovia Festival-A 2023"]
[Site "Krakow"]
[Date "2024.01.02"]
[Round "7.6"]
[White "Aakash Sharadchandra, Dalvi"]
[Black "Polak, Tomas"]
[Result "0-1"]
[ECO "A40"]
[WhiteElo "2130"]
[BlackElo "2517"]
[Annotator "TA"]
[PlyCount "116"]
[EventDate "2023.12.24"]
[EventType "swiss"]
[EventCountry "POL"]
[SourceTitle "playchess.com"]
[Source "ChessBase"]
[SourceQuality "1"]
[TimeControl "40/5400+30:1800+30"]

1. d4 b6 2. e4 Bb7 3. Bd3 Nf6 4. Nc3 e6 5. Nf3 Bb4 6. Nd2 d5 7. e5 Nfd7 8. Ne2 {[%emt 0:03:18] White is slightly better.} (8. Qg4 $5 ) 8... Ba6 9. Bxa6 Nxa6 10. O-O Be7 11. f4 O-O 12. f5 exf5 13. Rxf5 c5 14. c3 Nc7 15. Nf1 f6 16. e6 g6 17. exd7 gxf5 $17 18. Nf4 Qxd7 19. Ng3 Bd6 20. Qh5 (20. Nfh5 $17) 20... Qe8 {[%emt 0:04:57] ...Qe1+ would be deadly.} 21. Qd1 {[%emt 0:08:41] Dodges Qe1+} Kh8 {[%emt 0:08:38] ...cxd4 is the strong threat.} 22. Qf1 (22. Nxf5 $17 Qd7 23. Nxd6 Qxd6 24. Be3) 22... Qd7 $19 23. Bd2 Rae8 24. Qf3 (24. Nfh5 $142) 24... cxd4 25. cxd4 Rg8 (25... Nb5 $19 26. Bc3 Bxf4 27. Qxf4 Nxc3 28. bxc3 Qe7 29. Nxf5 Qe4) 26. Rf1 $17 Bxf4 27. Qxf4 Rg4 28. Qf3 Reg8 {[%emt 0:00:55] Hoping for ...Nb5.} (28... Rxd4 $6 29. Bc3 Ree4 30. Bxd4 Rxd4 31. Nxf5 $11) 29. Rf2 Qe6 (29... Rxd4 $6 30. Bc3 Rgg4 31. Bxd4 Rxd4 32. Nxf5 $11) 30. Bf4 (30. Nxf5 $17 Qe4 31. Qxe4 Rxe4 32. Kf1) 30... Nb5 $19 31. h3 $2 (31. Qd1) 31... R4g6 $2 (31... Nxd4 32. Qc3 Nb5 33. Qd3 Rxf4 34. Rxf4 $19) (31... Qe1+ $19 {is more deadly.} 32. Kh2 Nxd4) 32. Qd3 $2 (32. Re2 $17 {might work better.} Qd7 33. Qd3) 32... Nd6 $2 (32... Qe1+ $19 {has better winning chances.} 33. Qf1 Qxf1+ 34. Nxf1 Nxd4) 33. Bxd6 $17 Qxd6 34. Nxf5 Qc7 35. Qf3 Qd7 (35... Re8 $1 $17 36. Nh4 Rg7) 36. Nh4 {[%emt 0:00:33] [#]} (36. Re2 $1 $15) 36... Rg3 $1 37. Qxf6+ Qg7 38. Qf4 {[%emt 0:04:35] [#]} Qg5 $1 (38... Rxh3 39. Ng6+ Qxg6 40. Qe5+ Qg7 41. Qxg7+ Kxg7 42. gxh3 $11) 39. Qxg5 R8xg5 {[%emt 0:00:30][%mdl 4096] Endgame KRR-KRN} 40. Kh2 Rd3 41. Nf3 Rg7 {[%emt 0:03:11] Black is more active.} (41... Rg8 $17 42. Re2 Rd1) 42. Re2 (42. Ne5 $1 $11 Rxd4 43. Nf7+ Rxf7 44. Rxf7) 42... Rc7 {[%emt 0:00:33] White is now going downhill.} 43. Re5 Kg7 44. Rxd5 Re3 45. Ne5 Re2 {[%emt 0:02:03][%mdl 1024] Black has strong compensation.} 46. Nd3 (46. b4 $17 {is a better defense.}) 46... Rd2 47. Nf4 {[%emt 0:00:18] Threatens to win with Ne6+.} Kf7 {[%emt 0:03:57] Repels Ne6} (47... Rxb2 $2 48. Ne6+ Kf6 49. Nxc7 $18) 48. Rh5 (48. b4 $142) 48... Ke8 $19 49. Ne6 Rcc2 50. Kg3 Rxg2+ (50... Rxb2 $2 51. Rxh7 Rxg2+ 52. Kh4 $19) 51. Kf4 Kf7 (51... Rxb2 $2 52. Rxh7 Rbf2+ 53. Ke5 $19) 52. d5 (52. Kf5 Rcf2+ 53. Nf4) 52... Kg6 (52... Rxb2 53. Ke5 Rbe2+ 54. Kd6 Rxa2 55. Rxh7+ Kg6 56. Rh8 $17) 53. Re5 Rcf2+ (53... Rxb2 $2 54. Nd4 $19) 54. Ke4 Re2+ ({Worse is} 54... Rxb2 55. Nf4+ Kf6 56. Re6+ Kf7 57. Nxg2 Rxg2 58. Rh6 $11) 55. Kd4 (55. Kf3 $142 Rxe5 56. Nf4+ Kf6 57. Nxg2) 55... Rxe5 ({Not} 55... Rxb2 56. Nf4+ Kf6 57. Nxg2 Rxg2 58. Re6+ Kf5 59. a4 $11 (59. Re5+ Kf6 $11)) 56. Kxe5 Kf7 57. Nd8+ Ke8 58. Nc6 Kd7 {[%emt 0:00:23] Weighted Error Value: White=0.53/Black=0.31} 0-1

[Event "Cracovia Festival-A 2023"]
[Site "Krakow"]
[Date "2024.01.02"]
[Round "7.7"]
[White "Janik, Igor"]
[Black "Skytte, Rasmus"]
[Result "1-0"]
[ECO "B06"]
[WhiteElo "2514"]
[BlackElo "2337"]
[Annotator "TA"]
[PlyCount "65"]
[EventDate "2023.12.24"]
[EventType "swiss"]
[EventCountry "POL"]
[SourceTitle "playchess.com"]
[Source "ChessBase"]
[SourceQuality "1"]
[TimeControl "40/5400+30:1800+30"]

1. d4 g6 2. e4 Bg7 3. Nc3 d6 4. h3 a6 5. a4 Nd7 6. g4 (6. Nf3 $14) 6... e6 7. Be3 b6 8. Bg2 {[%emt 0:01:07] White is slightly better.} Bb7 9. Nge2 Ne7 10. Qd2 h6 11. Rd1 Nf6 (11... h5 $11 {keeps the balance.}) 12. Ng3 h5 13. g5 Nd7 14. h4 d5 15. e5 c5 16. f4 Rc8 17. O-O cxd4 18. Bxd4 Nc6 19. Bf2 Na5 20. Nce2 Qc7 21. Nd4 Nc6 22. c3 Nc5 23. Qc2 Qd7 24. Nb3 Qe7 25. Nxc5 bxc5 26. Bf3 Qc7 27. Qe2 ({Don't play} 27. Bxc5 Nxe5 28. Bd4 Nxf3+ 29. Rxf3 Bxd4+ 30. Rxd4 a5 $15) 27... Ne7 (27... c4 $11) 28. Kh2 Qa5 29. Ra1 Qc7 ({Better is} 29... Rb8 $11) 30. Rfe1 (30. b4 $14) 30... Qd7 (30... O-O $11) 31. Red1 $14 {[%emt 0:00:41] Black must now prevent Ne4.} c4 32. Bd4 Nf5 $2 {[%emt 0:03:24] [#]} (32... Bc6 $11) 33. Nxf5 {[%emt 0:00:10] Weighted Error Value: White=0.14 (very precise) /Black=0.29 (precise)} 1-0

[Event "Cracovia Festival-A 2023"]
[Site "Krakow"]
[Date "2024.01.02"]
[Round "7.8"]
[White "Soffer, Ram"]
[Black "Steindl, Johannes"]
[Result "1/2-1/2"]
[ECO "B52"]
[WhiteElo "2444"]
[BlackElo "2334"]
[Annotator "RC"]
[PlyCount "27"]
[EventDate "2023.12.24"]
[EventType "swiss"]
[EventCountry "POL"]
[SourceTitle "playchess.com"]
[Source "ChessBase"]
[SourceQuality "1"]
[TimeControl "40/5400+30:1800+30"]

1. e4 c5 2. Nf3 d6 3. Bb5+ Bd7 4. Bxd7+ Qxd7 5. c4 Nc6 6. d4 cxd4 7. Nxd4 Nf6 8. Nc3 g6 9. b3 Bg7 10. Bb2 Qg4 11. Qxg4 Nxg4 12. Nxc6 bxc6 13. h3 Ne5 14. O-O-O 1/2-1/2

[Event "Cracovia Festival-A 2023"]
[Site "Krakow"]
[Date "2024.01.02"]
[Round "7.9"]
[White "Lewicki, Miroslaw"]
[Black "Kozak, Antoni"]
[Result "1-0"]
[ECO "B06"]
[WhiteElo "2321"]
[BlackElo "2442"]
[Annotator "RC"]
[PlyCount "71"]
[EventDate "2023.12.24"]
[EventType "swiss"]
[EventCountry "POL"]
[SourceTitle "playchess.com"]
[Source "ChessBase"]
[SourceQuality "1"]
[TimeControl "40/5400+30:1800+30"]

1. e4 g6 2. d4 Bg7 3. Nf3 d6 4. Bc4 Nf6 5. Qe2 Nc6 6. O-O e5 7. dxe5 Nxe5 8. Nxe5 dxe5 9. Rd1 Bd7 10. Nc3 c6 11. Bg5 h6 12. Bxf6 Qxf6 13. Rd3 Qe7 14. Rad1 O-O-O 15. Qe3 b6 16. a4 Bg4 17. f3 Rxd3 18. Rxd3 Bd7 19. a5 Kc7 20. Na4 Rb8 21. Rb3 b5 22. a6 Ra8 23. Nc3 bxc4 24. Rb7+ Kd8 25. Rxa7 Rxa7 26. Qxa7 Qb4 27. Qa8+ Kc7 28. Qa7+ Kc8 29. Kf1 Qb8 30. Qc5 Qxb2 31. a7 Kb7 32. Qa5 Qc1+ 33. Ke2 Qxc2+ 34. Ke1 Ka8 35. Na4 Kb7 36. a8=Q# 1-0

[Event "Cracovia Festival-A 2023"]
[Site "Krakow"]
[Date "2024.01.02"]
[Round "7.10"]
[White "Cukrowski, Filip"]
[Black "Suder, Jakub"]
[Result "1/2-1/2"]
[ECO "B33"]
[WhiteElo "2402"]
[BlackElo "2312"]
[Annotator "RC"]
[PlyCount "211"]
[EventDate "2023.12.24"]
[EventType "swiss"]
[EventCountry "POL"]
[SourceTitle "playchess.com"]
[Source "ChessBase"]
[SourceQuality "1"]
[TimeControl "40/5400+30:1800+30"]

1. d4 e6 2. Nf3 c5 3. e4 cxd4 4. Nxd4 Nc6 5. Nc3 Nf6 6. Ndb5 d6 7. Bf4 e5 8. Bg5 a6 9. Na3 Be6 10. Nc4 Rb8 11. Be2 Nd4 12. O-O Rc8 13. Ne3 Be7 14. Bd3 Ng8 15. Bxe7 Nxe7 16. Ncd5 O-O 17. c3 Ndc6 18. Bc4 Ng6 19. g3 Kh8 20. Qh5 b5 21. Be2 Nce7 22. Rad1 Nxd5 23. exd5 Bd7 24. Bd3 Re8 25. Be4 Kg8 26. Rd3 Nf8 27. g4 Qf6 28. Ng2 g6 29. g5 Qe7 30. Qh4 b4 31. Re1 bxc3 32. bxc3 Rc4 33. Ne3 Ra4 34. c4 h5 35. Qg3 h4 36. Qxh4 Nh7 37. Bg2 Qxg5 38. Qxg5 Nxg5 39. Rb3 Bh3 40. Re2 Bxg2 41. Kxg2 f5 42. h4 Nf7 43. Rb6 Rc8 44. Reb2 Kg7 45. Rc6 Rf8 46. c5 Rxh4 47. cxd6 f4 48. Nf1 e4 49. f3 exf3+ 50. Kf2 Ne5 51. Rb7+ Kh6 52. Re7 Ng4+ 53. Kxf3 Kg5 54. d7 Rh3+ 55. Ke4 Rd8 56. Kd4 Nh6 57. Ree6 Nf5+ 58. Ke5 Rh6 59. Nd2 Rxd7 60. Ne4+ Kh4 61. Rxg6 Rxg6 62. Rxg6 Rxd5+ 63. Kxf4 Ra5 64. Rg5 Rxa2 65. Rg4+ Kh3 66. Kxf5 Rg2 67. Ng5+ Kh2 68. Rh4+ Kg3 69. Rh3+ Kf2 70. Kf4 Ke2 71. Ra3 Rf2+ 72. Nf3 Kf1 73. Ra1+ Ke2 74. Ke4 Rg2 75. Nd4+ Kf2 76. Ra2+ Kf1 77. Ra1+ Kf2 78. Kf4 Rg8 79. Ra2+ Kf1 80. Nf5 Ke1 81. Ng3 Re8 82. Ne4 Kd1 83. Ke3 Kc1 84. Ra5 Rd8 85. Nf2 Kc2 86. Rc5+ Kb3 87. Nd3 Rh8 88. Nf4 Kb4 89. Rc7 Kb5 90. Kd4 Rh4 91. Rf7 Rh1 92. Nd3 Kb6 93. Re7 Kb5 94. Kd5 Kb6 95. Re6+ Kb5 96. Re2 Kb6 97. Rc2 Rh5+ 98. Ne5 Kb7 99. Re2 Kb6 100. Rb2+ Kc7 101. Rb1 Rh2 102. Rc1+ Kb7 103. Nf7 Kb6 104. Rc6+ Ka5 105. Nd6 Rh5+ 106. Ke4 1/2-1/2

[Event "Cracovia Festival-A 2023"]
[Site "Krakow"]
[Date "2024.01.02"]
[Round "7.11"]
[White "Baumegger, Siegfried"]
[Black "Ernst, Robert"]
[Result "1-0"]
[ECO "A06"]
[WhiteElo "2388"]
[BlackElo "2271"]
[Annotator "RC"]
[PlyCount "99"]
[EventDate "2023.12.24"]
[EventType "swiss"]
[EventCountry "POL"]
[SourceTitle "playchess.com"]
[Source "ChessBase"]
[SourceQuality "1"]
[TimeControl "40/5400+30:1800+30"]

1. Nf3 d5 2. g3 Nf6 3. Bg2 Bg4 4. d4 e6 5. h3 Bh5 6. c4 c6 7. O-O Nbd7 8. cxd5 exd5 9. Qb3 Qb6 10. Qe3+ Be7 11. Nh4 Bg6 12. Nxg6 hxg6 13. Nc3 Qd8 14. Qd3 O-O 15. h4 Ne8 16. e4 dxe4 17. Nxe4 Nef6 18. Nc3 Nb6 19. a4 a5 20. Bg5 Nfd5 21. Nxd5 Nxd5 22. Bxd5 cxd5 23. Bxe7 Qxe7 24. Qb5 Qb4 25. Qxb4 axb4 26. Rfe1 Rfe8 27. b3 Rec8 28. Re7 Rc3 29. Rb1 b5 30. axb5 Rb8 31. Rd7 Rxb5 32. Re1 Rb8 33. Ree7 Rf8 34. Re3 Rfc8 35. Rxd5 Rxe3 36. fxe3 Rc3 37. Rd8+ Kh7 38. Kf2 Rxb3 39. Rb8 Rb1 40. Kf3 f5 41. d5 b3 42. Kf4 Rd1 43. Ke5 Rd3 44. d6 Rxe3+ 45. Kd4 Re6 46. Kd5 Re3 47. d7 Rd3+ 48. Ke6 b2 49. Rxb2 g5 50. Rb5 1-0